 Dungeon Crawl Stone Soup version 0.23-a0-171-g5ae17c6 (webtiles) character file.

7843 Inarius the Fighter (level 11, -4/89 HPs)
             Began as a Mummy Fighter on Sept 14, 2018.
             Was an Initiate of Gozag.
             Slain by a red ugly thing (15 damage)
             ... on level 10 of the Dungeon.
             The game lasted 00:22:50 (11613 turns).

Inarius the Fighter (Mummy Fighter)                Turns: 11613, Time: 00:22:52

Health: -4/89      AC: 13    Str: 22    XL:     11   Next: 2%
Magic:  21/21      EV:  8    Int:  8    God:    Gozag
Gold:   671        SH: 11    Dex: 12    Spells: 10/10 levels left

rFire    . . .     SeeInvis .   s - +4 scimitar
rCold    + . .     Gourm    .   c - +0 shield
rNeg     + + +     Faith    .   B - +0 chain mail
rPois    ∞         Spirit   .   (no helmet)
rElec    .         Reflect  .   (no cloak)
rCorr    .         Harm     .   k - +2 pair of gloves
MR       +....                  (no boots)
Stlth    ..........             (no amulet)
HPRegen  0.24/turn              j - ring of protection from fire
MPRegen  0.17/turn              u - ring of magical power

@: no status effects
A: no food or potions, fire vulnerability, cold resistance 1, negative energy
resistance 3, torment resistance, unbreathing
a: Potion Petition, Call Merchant, Bribe Branch, Renounce Religion


You were on level 10 of the Dungeon.
You worshipped Gozag.
Gozag was pleased with you.
You were not hungry.

You visited 2 branches of the dungeon, and saw 11 of its levels.

You collected 848 gold pieces.
You paid 177 gold pieces to Gozag.

Inventory:

Hand Weapons
 s - a +4 scimitar (weapon)
Missiles
 q - 8 tomahawks (quivered)
 t - 2 throwing nets
Armour
 c - a +0 shield (worn)
 k - a +2 pair of gloves (worn)
 B - a +0 chain mail (worn)
Jewellery
 j - a ring of protection from fire (left hand)
 u - a ring of magical power (right hand)
Wands
 l - a wand of random effects (85)
 r - a wand of flame (23)
 y - a wand of iceblast (5)
Scrolls
 d - a scroll of magic mapping
 e - 3 scrolls of fog
 f - a scroll of immolation
 g - 9 scrolls of remove curse
 h - a scroll of holy word
 n - a scroll of fear
 o - 2 scrolls of amnesia
 p - 3 scrolls of noise
 v - 2 scrolls of enchant armour
 w - a scroll of torment
 x - a scroll of blinking
 z - a scroll of teleportation
 A - a scroll of silence {unknown}


   Skills:
 * Level 9.4 Fighting
 + Level 6.1 Long Blades
 + Level 0.8 Throwing
 + Level 6.5 Armour
 + Level 4.0 Dodging
 + Level 7.6 Shields
 + Level 2.2 Evocations


You had 10 spell levels left.
You didn't know any spells.
Your spell library contained the following spells:

 Spells                   Type           Power        Failure   Level  Hunger
 Confusing Touch          Hex            #.....       100%        1    N/A
 Corona                   Hex            #......      100%        1    N/A
 Ensorcelled Hibernation  Hex/Ice        #.....       100%        2    N/A
 Confuse                  Hex            #.......     100%        3    N/A
 Dazzling Spray           Conj/Hex       #.....       100%        3    N/A
 Gell's Gravitas          Tloc           #.........   100%        3    N/A
 Tukima's Dance           Hex            #.......     100%        3    N/A
 Petrify                  Tmut/Erth      #.......     100%        4    N/A
 Metabolic Englaciation   Hex/Ice        #.........   100%        5    N/A
 Yara's Violent Unravell  Hex/Tmut       #.........   100%        5    N/A

Dungeon Overview and Level Annotations

Branches:
Dungeon (10/15)            Temple (1/1) D:7
   Lair: D:8-11         Orc: D:9-12

Altars:
Ashenzari
Cheibriados
Dithmenos
Elyvilon
Fedhas
Gozag
Hepliaklqana
Kikubaaqudgha
Makhleb
Nemelex Xobeh
Okawaru
Qazlal
Ru
Sif Muna
Trog
Uskayaw
Vehumet
Wu Jian
Xom
Yredelemnul
Zin
The Shining One

Annotations:
D:8 1 runed door, grindst0ne's ghost, novice KoMo


Innate Abilities, Weirdness & Mutations

You do not eat or drink.
Your flesh is vulnerable to fire.
You are immune to poison.
Your flesh is cold resistant. (rC+)
You are immune to negative energy. (rN+++)
You are immune to unholy pain and torment.
You can survive without breathing.


Message History

The red ugly thing is almost dead.
The red ugly thing tail-slaps you!
You are engulfed in flames!
The red ugly thing tail-slaps you.
You are engulfed in flames!
* * * LOW HITPOINT WARNING * * *
You barely miss the red ugly thing.
The red ugly thing is almost dead.
You block the red ugly thing's attack.
You closely miss the red ugly thing.
The red ugly thing is almost dead.
You block the red ugly thing's attack.
You barely miss the red ugly thing.
The red ugly thing is almost dead.
You block the red ugly thing's attack.
You slash the red ugly thing!
The red ugly thing is almost dead.
The red ugly thing tail-slaps you!
* * * LOW HITPOINT WARNING * * *
You are engulfed in flames!
You die...
Your body crumbles into a pile of gold.

.#....###..####..#..#...###
.#....#..####.##)#.##.#...###
.#....'####..#.#.#.#(.###...#
>#....###....###.#.#.##...###
.#....+ .........#.#..#.###
.#....###....###.#....###
.#......###..#.#.#..###
.#........###.##.'###
.#..........###.@######=[)
.#............###uWR..$}#
.##.............#######|§=
.##.......<........
.#.................
.#.................
.#.................
....)##............
##)...##...........


You could see a red ugly thing, an efreet and a hungry ghost.

Vanquished Creatures
  A two-headed ogre (D:9)
  An unseen horror (D:10)
  A manticore (D:10)
  A gargoyle (D:10)
  A troll (D:9)
  2 hippogriffs
  Menkaure (D:4)
  2 water moccasins
  Duvessa (D:6)
  An orc warrior (D:10)
  5 sky beasts
  2 ogres
  2 phantoms
  2 black bears (D:7)
  4 centaurs
  Blork the orc (D:5)
  A big kobold (D:10)
  2 wyvern zombies
  6 bullfrogs
  Dowan (D:6)
  A scorpion (D:10)
  4 killer bees
  7 wights (D:6)
  4 electric eels (D:6)
  A howler monkey (D:3)
  4 crimson imps
  4 jellies
  2 centaur zombies
  A quasit (D:9)
  A bullfrog zombie (D:8)
  5 hounds
  14 orc wizards
  2 bullfrog skeletons
  3 orc priests
  6 iguanas
  5 centaur skeletons
  5 worker ants
  A hound skeleton (D:4)
  A howler monkey skeleton (D:5)
  10 adders
  4 gnolls
  4 shadow imps
  2 adder zombies (D:7)
  2 adder skeletons
  4 worms
  A dart slug (D:1)
  5 leopard geckos
  30 orcs
  3 bats
  5 giant cockroaches
  15 goblins
  4 hobgoblins
  20 jackals
  6 quokkas
  7 frilled lizards
  8 kobolds
  10 rats
249 creatures vanquished.

Vanquished Creatures (others)
  A jelly (D:10)
  2 human simulacra (D:10)
  A worker ant zombie (D:10)
  A howler monkey skeleton (D:10)
  An orc (D:10)
6 creatures vanquished.

Grand Total: 255 creatures vanquished

Notes
Turn   | Place    | Note
-------+----------+-------------------------------------------
     0 | D:1      | Inarius the Mummy Fighter began the quest for the Orb.
     0 | D:1      | Reached XP level 1. HP: 18/18 MP: 1/1
   159 | D:1      | Reached XP level 2. HP: 17/24 MP: 2/2
   449 | D:1      | Reached XP level 3. HP: 27/30 MP: 3/3
  1220 | D:2      | Reached skill level 4 in Fighting
  1431 | D:2      | Reached XP level 4. HP: 36/37 MP: 4/4
  2049 | D:3      | Reached XP level 5. HP: 42/42 MP: 5/5
  2114 | D:3      | Reached skill level 1 in Dodging
  2228 | D:3      | Reached XP level 6. HP: 26/49 MP: 6/6
  2613 | D:3      | Found a bloodstained altar of Trog.
  2693 | D:3      | Found an ornate altar of the Wu Jian Council.
  3142 | D:4      | Reached skill level 5 in Fighting
  3221 | D:4      | Found a shimmering altar of Xom.
  3232 | D:4      | Found a shimmering altar of Xom.
  3263 | D:4      | Reached XP level 7. HP: 56/56 MP: 7/7
  3556 | D:4      | Found an ancient bone altar of Kikubaaqudgha.
  3556 | D:4      | Found a shadowy altar of Dithmenos.
  3566 | D:4      | Found an iron altar of Okawaru.
  3795 | D:5      | Entered Level 5 of the Dungeon
  3801 | D:5      | Noticed Blork the orc
  3815 | D:5      | Killed Blork the orc
  3881 | D:5      | Noticed Menkaure
  3893 | D:5      | HP: 2/56 [Menkaure (19)]
  4196 | D:4      | Killed Menkaure
  4196 | D:4      | Reached skill level 5 in Shields
  4333 | D:5      | Reached skill level 6 in Fighting
  4333 | D:5      | Reached XP level 8. HP: 63/64 MP: 8/8
  4436 | D:5      | Noticed a dagger
  4437 | D:5      | Noticed a hand axe
  4439 | D:5      | Found a hide-covered altar of Uskayaw.
  4898 | D:5      | Found a sacrificial altar of Ru.
  5473 | D:6      | Noticed Duvessa
  5498 | D:6      | Reached skill level 7 in Fighting
  5507 | D:6      | Noticed Dowan
  5515 | D:6      | Killed Duvessa
  5774 | D:6      | Killed Dowan
  6024 | D:6      | Reached skill level 1 in Evocations
  6044 | D:6      | Reached XP level 9. HP: 57/72 MP: 9/9
  6217 | D:6      | Reached skill level 5 in Armour
  6679 | D:6      | Found a deep blue altar of Sif Muna.
  7294 | D:6      | Reached skill level 8 in Fighting
  7505 | D:7      | Found a staircase to the Ecumenical Temple.
  7528 | Temple   | Entered the Ecumenical Temple
  8374 | D:8      | Reached XP level 10. HP: 80/82 MP: 11/11
  8659 | D:8      | Found a runed door.
  8664 | D:8      | Noticed grindst0ne's ghost (novice KoMo)
  9249 | D:9      | Found a glowing silver altar of Zin.
  9250 | D:9      | Found an opulent altar of Gozag.
  9257 | D:9      | Became a worshipper of Gozag Ym Sagoz the Greedy
  9638 | D:9      | Found a shimmering altar of Xom.
 10147 | D:10     | Entered Level 10 of the Dungeon
 10147 | D:10     | Noticed a two-headed ogre
 10346 | D:9      | Killed a two-headed ogre
 10346 | D:9      | Reached skill level 9 in Fighting
 10346 | D:9      | Reached skill level 5 in Long Blades
 10925 | D:10     | Killed an unseen horror
 11279 | D:10     | Noticed a gargoyle
 11296 | D:10     | Killed a gargoyle
 11354 | D:10     | Noticed a manticore
 11376 | D:10     | Killed a manticore
 11376 | D:10     | Reached XP level 11. HP: 36/89 MP: 12/12
 11595 | D:10     | Found the +2 hat of the Bear Spirit {Spirit, +Rage rN+
                  | MR++}
 11595 | D:10     | Noticed a red ugly thing
 11613 | D:10     | Slain by a red ugly thing

Vault maps used:
D:1:      giann_wishing_wells
D:2:      minmay_tree_intersection, serial_bayou_lake_a
D:3:      lemuel_round_altar, old_standard_altar
D:4:      kennysheep_little_box, gammafunk_temple_overflow_elements,
          xom_redecorated
D:5:      nicolae_ru_awakened_eye, dancing_weapons_uskayaw, first_ration,
          uniq_blork_the_orc, uniq_menkaure
D:6:      lemuel_round_altar, kennysheep_boxes, uniq_duvessa
D:7:      minmay_temple_entry_crystal_x
D:8:      ebering_ghost_inner_flame
D:9:      grunt_temple_overflow_gold_and_silver, nicolae_overflow_crystal_walls,
          serial_glass, glass_columns_a, glass_columns_a
D:10:     minmay_the_grid_triangle_9x9_rhombus_thin, orc_0_dummy, enter_trove_0,
          bh_circular_ruins
Temple:   minmay_temple_curvy_loop

Skill      XL: |  1  2  3  4  5  6  7  8  9 10 |
---------------+-------------------------------+-----
Fighting       | 4 5 6 7 8 9 |  9.4
Shields        | 3 4 5 6 7 |  7.6
Armour         | 3 4 5 6 |  6.5
Dodging        | 1 2 3 4 |  4.0
Evocations     | 1 2 |  2.2
Long Blades    | 3 6 |  6.1
Throwing       | |  0.8

Action                   |  1- 3 |  4- 6 |  7- 9 | 10-12 || total
-------------------------+-------+-------+-------+-------++-------
Melee: Long sword        |    83 |       |       |       ||    83
       Dagger            |    67 |   216 |       |       ||   283
       Whip              |       |   124 |   425 |       ||   549
       Scimitar          |       |       |   203 |   235 ||   438
Throw: Tomahawk          |       |       |     6 |     5 ||    11
       Throwing net      |       |       |       |     1 ||     1
Evoke: Wand              |       |       |    28 |    18 ||    46
  Use: Scroll            |     1 |       |    10 |     3 ||    14
 Stab: Distracted        |       |       |       |     1 ||     1
       Held in net/web   |       |       |       |     1 ||     1
Armor: Scale mail        |    86 |   161 |   258 |    60 ||   565
       Chain mail        |       |       |       |    79 ||    79
Dodge: Dodged            |    46 |   101 |   221 |    86 ||   454
Block: Shield            |    96 |   146 |   370 |   158 ||   770
       Rpst.: Long sword |     8 |       |       |       ||     8
       Scimitar          |       |       |    28 |    12 ||    40

Table legend:
 A = Non-vault XP
 B = Vault XP
 C = Vault XP percentage of total XP
 D = Non-vault monster count
 E = Vault monster count
 F = Vault count percentage of total count
                 A         B        C        D         E       F
            +---------+---------+-------+---------+---------+-------
      Total |    9023 |    2182 |  19.5 |     238 |      11 |   4.4
            +---------+---------+-------+---------+---------+-------
        D:1 |      61 |       0 |   0.0 |      22 |       0 |   0.0
        D:2 |      50 |       0 |   0.0 |      20 |       0 |   0.0
        D:3 |     391 |       0 |   0.0 |      42 |       0 |   0.0
        D:4 |     438 |     172 |  28.2 |      19 |       1 |   5.0
        D:5 |     762 |      99 |  11.5 |      32 |       1 |   3.0
        D:6 |    1307 |     232 |  15.1 |      28 |       2 |   6.7
        D:7 |    1177 |       0 |   0.0 |      24 |       0 |   0.0
        D:8 |    1146 |       0 |   0.0 |      18 |       0 |   0.0
        D:9 |    2148 |       0 |   0.0 |      16 |       0 |   0.0
       D:10 |    1543 |    1679 |  52.1 |      17 |       7 |  29.2
            +---------+---------+-------+---------+---------+-------
